 Dungeon Crawl Stone Soup version 0.30.0-5-g1a98f26d00 (webtiles) character file.

Game seed: 422331275017538955

105 Jackthecabe the Shooter (level 4, -2/32 HPs)
             Began as a Demonspawn Hexslinger on May 9, 2023.
             Slain by a gnoll
             ... wielding a +0 halberd
              (14 damage)
             ... on level 4 of the Dungeon.
             The game lasted 00:04:35 (2203 turns).

Jackthecabe the Shooter (Demonspawn Hexslinger)     Turns: 2203, Time: 00:04:36

Health: -2/32      AC:  3    Str: 10    XL:     4   Next: 54%
Magic:  5/5        EV: 12    Int: 21    God:
Gold:   81         SH:  5    Dex: 15    Spells: 4/5 levels left

rFire   . . .        b - +2 whip (venom)
rCold   . . .        (no shield)
rNeg    . . .        c - +0 robe
rPois   .            (helmet restricted)
rElec   .            (no cloak)
rCorr   .            l - +0 pair of gloves
SInv    .            (no boots)
Will    .....        r - amulet of reflection
Stlth   +            I - +6 ring of intelligence
HPRegen 0.25/turn    (no ring)
MPRegen 0.09/turn

%: reflection
@: no status effects
A: horns 1, powered by death 1
a: no special abilities


You were on level 4 of the Dungeon.
You visited 1 branch of the dungeon, and saw 4 of its levels.

You collected 81 gold pieces.


Innate Abilities, Weirdness & Mutations

You have a pair of small horns on your head.
You regenerate a little health from kills.


   Skills:
 - Level 1.0 Fighting
 + Level 4.4 Ranged Weapons
 - Level 1.7 Dodging
 - Level 1.0 Spellcasting
 - Level 3.0 Hexes


You had 4 spell levels left.
You knew the following spells:

 Your Spells              Type           Power      Damage    Failure   Level
s - Slow                  Hex            52%        N/A       4%          1

Your spell library contained the following spells:

 Spells                   Type           Power      Damage    Failure   Level
 Dazzling Flash           Conj/Hex       14%        N/A       26%         3
 Inner Flame              Hex/Fire       7%         N/A       26%         3
 Portal Projectile        Hex/Tloc       14%        N/A       26%         3
 Gell's Gravitas          Tloc           1%         N/A       43%         3
 Teleport Other           Tloc           1%         N/A       43%         3
 Volatile Blastmotes      Fire/Tloc      2%         2d10      43%         3
 Cause Fear               Hex            6%         N/A       43%         4
 Iskenderun's Mystic Bla  Conj/Tloc      1%         2d3       85%         4
 Dispersal                Tloc           0%         N/A       100%        6
 Starburst                Conj/Fire      0%         6d3       100%        6

Inventory:

Hand Weapons
 a - a +1 sling
 b - a +2 whip of venom (weapon)
Missiles
 d - 2 throwing nets {=f}
 f - 8 boomerangs
Armour
 c - a +0 robe (worn)
 l - a +0 pair of gloves (worn)
Jewellery
 r - an amulet of reflection (around neck)
 I - a +6 ring of intelligence (left hand)
Wands
 o - a wand of digging (5)
 u - a wand of polymorph (8)
Scrolls
 g - 3 scrolls of noise
 h - 3 scrolls of summoning
 k - a scroll of blinking {unknown}
 m - a scroll of torment {unknown}
 q - a scroll of immolation
 s - a scroll of poison
 t - 2 scrolls of vulnerability
Potions
 e - a potion of mutation {unknown}
 i - 2 potions of heal wounds {unknown}
 n - 2 potions of curing {unknown}
 p - a potion of might {unknown}

Dungeon Overview and Level Annotations

Branches:
Dungeon (4/15)
 Temple: D:4-7

Altars:

#...# ###### # ##).##
##....#### ##..## ####
#........# ##..## #..##
#......... ##..##
##...# ##.........
##..## #....#
#.......... ##..##
##....# #..........
##..###.....#
##..........
##..##.g@.##
#........... ##..#g...#
#...........
##..########...........
##..#####.............
##.g.)g..#...........
##..######....g.....
#..## #..........
#.###### ##.........
##.###..## ##........


You could see 2 gnolls.


Message History

The sling bullet hits the gnoll but does no damage.
The gnoll is heavily wounded.
The gnoll hits you from afar with a +0 halberd!
You shoot a sling bullet. The sling bullet hits the gnoll.
The gnoll is severely wounded.
You block the gnoll's attack.
You shoot a sling bullet. The sling bullet hits the gnoll.
The gnoll is almost dead.
The gnoll closely misses you.
You shoot a sling bullet. The sling bullet hits the gnoll.
You kill the gnoll!
As you read the scroll labelled YTWERU HUBY, it crumbles to dust.
It is a scroll of identify.
g - 3 scrolls of noise
As you read the scroll of identify {@r1}, it crumbles to dust.
h - 3 scrolls of summoning You block the gnoll's attack.
As you read the scroll of identify {@r1}, it crumbles to dust.
t - 2 scrolls of vulnerability The gnoll hits you but does no damage.
As you read the scroll of identify {@r1}, it crumbles to dust.
q - a scroll of immolation The gnoll misses you.
The gnoll hits you with a +0 club.
* * * LOW HITPOINT WARNING * * *
Your +2 whip of venom begins to drip with poison!
b - a +2 whip of venom (weapon)
The gnoll hits you with a +0 club.
* * * LOW HITPOINT WARNING * * *
The gnoll hits you from afar with a +0 halberd!
You die...

Skill      XL: |  1  2  3 |
---------------+----------+-----
Ranged Weapons | 2 3 4 |  4.4
Fighting       | |  1.0
Dodging        | |  1.7
Spellcasting   | |  1.0
Hexes          | |  3.0

Action                     |  1- 3 |  4- 6 || total
---------------------------+-------+-------++-------
  Melee: Whip              |     1 |     5 ||     6
         Headbutt          |       |     1 ||     1
   Fire: Sling             |   132 |    37 ||   169
   Cast: Slow              |     4 |       ||     4
    Use: Scroll            |       |     4 ||     4
 Armour: Robe              |     6 |     4 ||    10
  Dodge: Dodged            |    26 |     9 ||    35
  Block: Other             |     3 |     5 ||     8
         Reflection        |     2 |       ||     2

Levels and vault maps discovered:
D:1:      lemuel_arrival_funnel, layout_basic, nrook_mini_backslash,
          minmay_liquid_box, grunt_decor_arrowhead, minmay_tree_intersection,
          chequers_garden
D:2:      layout_loops_ring
D:3:      layout_basic, kennysheep_generic_room_14
D:4:      layout_cave_pods

Notes
Turn   | Place    | Note
-------+----------+-------------------------------------------
     0 | D:1      | Jackthecabe the Demonspawn Hexslinger began the quest for
                  | the Orb.
     0 | D:1      | Reached XP level 1. HP: 15/15 MP: 2/2
    49 | D:1      | Reached skill level 2 in Ranged Weapons
   279 | D:1      | Gained mutation: You regenerate a little health from kills.
                  | [demonic ancestry]
   279 | D:1      | Reached XP level 2. HP: 21/21 MP: 3/3
   712 | D:2      | Reached skill level 3 in Ranged Weapons
   827 | D:2      | Reached XP level 3. HP: 26/26 MP: 4/4
  1562 | D:3      | Reached skill level 4 in Ranged Weapons
  1562 | D:3      | Gained mutation: You have a pair of small horns on your
                  | head. [demonic ancestry]
  1562 | D:3      | Reached XP level 4. HP: 32/32 MP: 5/5
  2203 | D:4      | Slain by a gnoll

Vanquished Creatures
  3 gnolls
  2 adders
  A worm (D:2)
  3 orcs (D:3)
  6 bats
  4 endoplasms
  5 giant cockroaches
  4 goblins
  4 hobgoblins
  4 kobolds
  2 quokkas
  5 ball pythons
  5 frilled lizards
  4 rats
52 creatures vanquished.

Table legend: (Time is in decaauts)
 A = Elapsed time spent in this place.
 B = Non-inter-level travel time spent in this place.
 C = Inter-level travel time spent in this place.
 D = Time resting spent in this place.
 E = Time spent auto-exploring this place.
 F = Levels seen in this place.
 G = Mean time per level.
                   A        B        C        D        E       F      G
               +--------+--------+--------+--------+--------+-----+--------+
         Total |   2241 |   2153 |     88 |      0 |   1643 |   4 |  560.2 |
       Dungeon |   2241 |   2153 |     88 |      0 |   1643 |   4 |  560.2 |
               +--------+--------+--------+--------+--------+-----+--------+

Top non-repeatable levels by time:
     D:1: 701 daAuts
     D:2: 698 daAuts
     D:3: 585 daAuts
     D:4: 257 daAuts

Table legend:
 A = Non-vault XP
 B = Vault XP
 C = Vault XP percentage of total XP
 D = Non-vault monster count
 E = Vault monster count
 F = Vault count percentage of total count
                 A         B        C        D         E       F
            +---------+---------+-------+---------+---------+-------
      Total |     149 |       2 |   1.3 |      51 |       1 |   1.9
            +---------+---------+-------+---------+---------+-------
        D:1 |      26 |       0 |   0.0 |      16 |       0 |   0.0
        D:2 |      62 |       0 |   0.0 |      20 |       0 |   0.0
        D:3 |      28 |       2 |   6.7 |      10 |       1 |   9.1
        D:4 |      33 |       0 |   0.0 |       5 |       0 |   0.0
            +---------+---------+-------+---------+---------+-------
